AoeStats
← naphtaligrauer16

Arena

507367397Analyzed
2v2 RM · 15d ago on Sep 17, 2026· 40m 37s· 4 players
Game mode
Random Map
Map size
Medium (4 player)
Population
200
Speed
Normal
Resources
Standard
Victory
Conquest
Starting age
Dark Age
Ending age
Imperial Age
RankedLock teamsTeams togetherTeam positionsShared explorationLock speedFull tech treeHidden civsTurbo modeCheats
Victory
Defeat
🇩🇪 Tupi · Germany
1732
+18
🇩🇪 Cumans · Germany
1573
+24
🇦🇷 Mongols · Argentina
1878
-25
🇦🇷 Teutons · Argentina
1666
-17
ArabiaHaterNr.1
10:46 Feudal Age
14:24 Castle Age
13:13 Double-Bit Axe
15:21 Bow Saw
15:23 Fletching
17:16 Horse Collar
20:30 Loom
21:30 Wheelbarrow
21:41 Bodkin Arrow
21:50 Gold Mining
23:39 Town Watch
24:17 Hand Cart
27:33 Imperial Age
26:18 Stone Mining
26:29 Heavy Plow
26:49 Padded Archer Armor
27:27 Ballistics
28:16 Bracer
29:23 Chemistry
32:28 Leather Archer Armor
33:24 Two-Man Saw
32:59 Conscription
34:28 Elite Blackwood Archer
36:03 Redemption
35:25 Onager
36:03 Herbal Medicine
naphtaligrauer16
9:34 Feudal Age
12:22 Loom
19:11 Horse Collar
19:40 Double-Bit Axe
22:56 Wheelbarrow
~BroKen~
5:11 Loom
9:33 Feudal Age
11:34 Fletching
21:23 Double-Bit Axe
22:13 Horse Collar
29:16 Castle Age
28:14 Wheelbarrow
27:36 Gold Mining
30:00 Bodkin Arrow
30:19 Bow Saw
30:41 Guard Tower
34:51 Hand Cart
38:45 Heavy Plow
39:46 Bloodlines
Mr Fino
11:00 Feudal Age
14:54 Castle Age
13:21 Double-Bit Axe
14:09 Horse Collar
15:54 Bow Saw
17:52 Wheelbarrow
23:12 Loom
24:12 Fletching
24:56 Bodkin Arrow
33:38 Imperial Age
32:51 Ballistics
34:09 Heavy Scorpion
34:27 Capped Ram
Connection lost

Rejoining the realm…

Still unreachable

The connection could not be restored.

Session expired

The server has moved on; the page needs a fresh start.